 Dungeon Crawl Stone Soup version 0.23.2-33-g5129a83184 (webtiles) character file.

Game seed: 12267217615070177961

143 teukkam the Covered (level 5, -9/47 HPs)
             Began as a Minotaur Fighter on July 3, 2019.
             Killed from afar by Sigmund (13 damage)
             ... with a puff of flame
             ... on level 4 of the Dungeon.
             The game lasted 00:02:47 (736 turns).

teukkam the Covered (Minotaur Fighter)               Turns: 736, Time: 00:02:49

Health: -9/47      AC:  7    Str: 22    XL:     5   Next: 4%
Magic:  4/4        EV:  7    Int:  5    God:
Gold:   55         SH:  0    Dex:  9    Spells: 4/4 levels left

rFire    x . .     SeeInvis .   a - +0 war axe
rCold    + . .     Gourm    .   c - +1 shield
rNeg     . . .     Faith    .   b - +0 scale mail
rPois    .         Spirit   .   (helmet restricted)
rElec    .         Reflect  .   (no cloak)
rCorr    .         Harm     .   (no gloves)
MR       .....                  (no boots)
Stlth    ..........             (no amulet)
HPRegen  0.15/turn              i - ring of ice
MPRegen  0.09/turn              (no ring)

@: confused
A: retaliatory headbutt, horns 2
a: no special abilities


You were on level 4 of the Dungeon.
You were not hungry.

You visited 1 branch of the dungeon, and saw 4 of its levels.

You collected 55 gold pieces.

Inventory:

Hand Weapons
 a - a +0 war axe (weapon)
Armour
 b - a +0 scale mail (worn)
 c - a +1 shield (worn)
Jewellery
 i - a ring of ice (left hand)
Scrolls
 j - a scroll of fog {unknown}
Potions
 d - a potion of might
 e - a potion of flight
Comestibles
 f - 3 rations
 g - 2 chunks of flesh


   Skills:
 + Level 4.6 Fighting
 + Level 3.8 Axes
 + Level 4.7 Armour
 + Level 4.6 Shields


You had 4 spell levels left.
You didn't know any spells.
Your spell library contained the following spells:

 Spells                   Type           Power        Failure   Level  Hunger
 Animate Skeleton         Necr           N/A          99%         1    ##.....
 Apportation              Tloc           #.....       99%         1    ##.....
 Confusing Touch          Hex            #.....       99%         1    ##.....
 Summon Small Mammal      Summ           #...         99%         1    ##.....


Dungeon Overview and Level Annotations

Branches:
Dungeon (4/15)
 Temple: D:4-7

Altars:
Kikubaaqudgha
Makhleb
Qazlal
The Shining One

Annotations:
D:4 Sigmund


Innate Abilities, Weirdness & Mutations

You reflexively headbutt those who attack you in melee.
You have a pair of horns on your head.


Message History

You slash the phantom! Something hits you!
* * * LOW HITPOINT WARNING * * *
The phantom hits you.
* * * LOW HITPOINT WARNING * * *
You barely miss something. Your headbutt misses something. You hit the phantom.
The phantom hits you.
* * * LOW HITPOINT WARNING * * *
Something hits you but does no damage. The phantom hits you.
* * * LOW HITPOINT WARNING * * *
You hit something. Your headbutt misses something.
You closely miss the phantom. Something hits you but does no damage.
You block the phantom's attack.
It was a potion of ambrosia.
You are confused.
You feel invigorated. The phantom hits you.
* * * LOW HITPOINT WARNING * * *
You hear some strange, mumbled words.
A puff of flame appears from out of thin air!
The puff of flame hits you! The fire burns you terribly!
You die...

### .....<.. ....#.# ....#.#
...#.# ...#W# ## #.##@# ..
#.##{# #.##.##.#
##########.......#
........#####.#### .######.#
#.# ############ ........#
#.# #..........#
.######.#####.###>########.#
.##............##.# #.#


You could see a phantom.

Vanquished Creatures
  A bullfrog skeleton (D:4)
  3 worker ants (D:4)
  2 adders
  A worm (D:3)
  2 dart slugs (D:1)
  A leopard gecko (D:1)
  4 bats (D:1)
  A giant cockroach (D:1)
  3 goblins (D:1)
  A hobgoblin (D:1)
  2 quokkas
  A frilled lizard (D:3)
  2 kobolds (D:1)
  2 rats (D:1)
26 creatures vanquished.

Notes
Turn   | Place    | Note
-------+----------+-------------------------------------------
     0 | D:1      | teukkam the Minotaur Fighter began the quest for the Orb.
     0 | D:1      | Reached XP level 1. HP: 19/19 MP: 0/0
   101 | D:1      | Reached XP level 2. HP: 27/27 MP: 1/1
   290 | D:3      | Found a stormy altar of Qazlal.
   292 | D:3      | Found a burning altar of Makhleb.
   295 | D:3      | Found a glowing golden altar of the Shining One.
   295 | D:3      | Found an ancient bone altar of Kikubaaqudgha.
   307 | D:3      | Reached XP level 3. HP: 33/33 MP: 2/2
   405 | D:4      | Reached XP level 4. HP: 41/41 MP: 3/3
   614 | D:4      | Reached XP level 5. HP: 41/47 MP: 4/4
   708 | D:4      | Noticed a phantom
   711 | D:4      | Noticed Sigmund
   734 | D:4      | HP: 1/47 [phantom (5)]
   736 | D:4      | Killed from afar by Sigmund

Skill      XL: |  1  2 |
---------------+-------+-----
Armour         | 4 |  4.7
Fighting       | 4 |  4.6
Axes           | 3 |  3.8
Shields        | 4 |  4.6

Action                   |  1- 3 |  4- 6 || total
-------------------------+-------+-------++-------
Melee: War axe           |    47 |    19 ||    66
       Headbutt          |     3 |     1 ||     4
  Use: Scroll            |     2 |     1 ||     3
       Potion            |       |     1 ||     1
Armor: Scale mail        |    35 |     4 ||    39
Dodge: Dodged            |    22 |     7 ||    29
Block: Shield            |    30 |     9 ||    39
